 Dungeon Crawl Stone Soup version 0.29-a0-284-gf9362112df (webtiles) character file.

Game seed: 15293684022197257596

33 epen the Skirmisher (level 3, -2/37 HPs)
             Began as an Ogre Hunter on Mar 14, 2022.
             Slain by Robin
             ... wielding a +0 club
              (3 damage)
             ... on level 2 of the Dungeon.
             The game lasted 00:00:48 (676 turns).

epen the Skirmisher (Ogre Hunter)                    Turns: 676, Time: 00:00:49

Health: -2/37      AC:  3    Str: 15    XL:     3   Next: 29%
Magic:  3/3        EV: 10    Int: 10    God:
Gold:   65         SH:  0    Dex: 20    Spells: 2/2 levels left

rFire   . . .      SeeInvis .   a - +1 hand crossbow
rCold   . . .      Faith    .   (no shield)
rNeg    . . .      Spirit   .   b - +0 robe
rPois   .          Reflect  .   (helmet restricted)
rElec   .          Harm     .   (no cloak)
rCorr   .          Rampage  .   (gloves unavailable)
Will    .....                   (boots unavailable)
Stlth   ++........              (no amulet)
HPRegen 0.12/turn               g - +6 ring of dexterity
MPRegen 0.08/turn               (no ring)

@: no status effects
A: large, unfitting armour, tough skin 1
a: no special abilities


You were on level 2 of the Dungeon.
You visited 1 branch of the dungeon, and saw 2 of its levels.

You collected 65 gold pieces.

Inventory:

Hand Weapons
 a - a +1 hand crossbow (weapon)
Armour
 b - a +0 robe (worn)
 h - a +0 pair of gloves
Jewellery
 g - a +6 ring of dexterity (left hand)
 i - a ring of fire
Scrolls
 c - a scroll of immolation
 d - 2 scrolls of enchant weapon {unknown}
 e - 3 scrolls of identify {unknown}
 f - 2 scrolls of teleportation {unknown}
 j - a scroll of fog {unknown}


   Skills:
 + Level 3.3 Fighting
 + Level 3.2 Crossbows
 + Level 2.2 Dodging
 + Level 1.3 Stealth


You had 2 spell levels left.
You didn't know any spells.
Your spell library contained the following spells:

 Spells                   Type           Power      Damage    Failure   Level
 Foxfire                  Conj/Fire      0%         2x1d4     36%         1
 Conjure Flame            Conj/Fire      0%         6-21      75%         3
 Inner Flame              Hex/Fire       0%         N/A       75%         3
 Flame Wave               Conj/Fire      0%         2d4       98%         4


Dungeon Overview and Level Annotations

Branches:
Dungeon (2/15)

Altars:

Annotations:
D:2 Robin


Innate Abilities, Weirdness & Mutations

You are too large for most types of armour.
You have tough skin. (AC +1)


Message History

Press: ? - help, Shift-Dir - straight line, f/p - goblin
Aim: a goblin, wielding a +0 club (60% to hit)
You shoot a bolt. The bolt closely misses the goblin.
The goblin hits you with a +0 club.
* * * LOW HITPOINT WARNING * * *
Robin hits you with a +0 club.
* * * LOW HITPOINT WARNING * * *
Shoot: a) +1 hand crossbow
Press: ? - help, Shift-Dir - straight line, f/p - goblin
Aim: a goblin, wielding a +0 club (60% to hit)
You shoot a bolt. The bolt closely misses the goblin.
The goblin misses you. Robin closely misses you. The goblin closely misses you.
Shoot: a) +1 hand crossbow
Press: ? - help, Shift-Dir - straight line, f/p - goblin
Aim: a goblin, wielding a +0 club (60% to hit)
You shoot a bolt. The bolt hits the goblin.
You kill the goblin!
Robin throws the goblin at you!
The goblin unwields a +0 hunting sling.
The goblin wields a +0 club.
The goblin hits you with a +0 club.
* * * LOW HITPOINT WARNING * * *
Robin hits you with a +0 club.
* * * LOW HITPOINT WARNING * * *
Shoot: a) +1 hand crossbow
Press: ? - help, Shift-Dir - straight line, f - goblin
Aim: a goblin, wielding a +0 club (60% to hit)
You shoot a bolt. The bolt hits the goblin!
You kill the goblin!
Robin hits you but does no damage.
Shoot: a) +1 hand crossbow
Press: ? - help, Shift-Dir - straight line, f - Robin
Aim: Robin, wielding a +0 club, wearing a +0 animal skin and wearing a +0 helmet (72% to hit)
You shoot a bolt. The bolt hits Robin but does no damage.
Robin closely misses you.
Shoot: a) +1 hand crossbow
Press: ? - help, Shift-Dir - straight line, f/p - Robin
Aim: Robin, wielding a +0 club, wearing a +0 animal skin and wearing a +0 helmet (72% to hit)
You shoot a bolt. The bolt hits Robin.
Robin is lightly wounded.
Robin hits you with a +0 club.
You die...

#.#.#..## ...#
####.#.#...####
...##.............#
...#.##...#.g.##
....##....g..)#
..........###)ggg...
..##..g.# g..#..†
#)##..### ##.# . #@#gg.#
... #g#.### #.# #+# #)).#
.# #.# ###.### # #.#
#...# #####.### ##..###
#.......# #....#
#####......)#####....#
............[.....##.....


You could see Robin.

Vanquished Creatures
  A worm (D:2)
  2 ball pythons (D:1)
  2 endoplasms (D:1)
  10 goblins
  4 hobgoblins
  3 kobolds (D:1)
  2 bats (D:1)
  A frilled lizard (D:1)
25 creatures vanquished.

Notes
Turn   | Place    | Note
-------+----------+-------------------------------------------
     0 | D:1      | epen the Ogre Hunter began the quest for the Orb.
     0 | D:1      | Reached XP level 1. HP: 22/22 MP: 1/1
   194 | D:1      | Reached XP level 2. HP: 29/29 MP: 2/2
   196 | D:1      | Reached skill level 1 in Stealth
   209 | D:1      | Found a faded altar of an unknown god.
   644 | D:2      | Noticed Robin
   652 | D:2      | Reached XP level 3. HP: 32/37 MP: 3/3
   673 | D:2      | HP: 1/37 [Robin/+0 club (1)]
   676 | D:2      | Slain by Robin

Illustrated notes

Levels and vault maps discovered:
D:1:      dpeg_arrival_windows_large_door, layout_rooms,
          nicolae_ecumenical_lake_church, kennysheep_nondescript
D:2:      layout_loops_corners, minmay_quantized, uniq_robin, uniq_jessica

Skill      XL: |  1  2 |
---------------+-------+-----
Crossbows      | 3 |  3.2
Fighting       | 3 |  3.3
Dodging        | 2 |  2.2
Stealth        | 1 |  1.3

Action                   || total
-------------------------++-------
 Fire: Hand crossbow     ||    56
Armor: Robe              ||    17
Dodge: Dodged            ||    22

Table legend: (Time is in decaauts)
 A = Elapsed time spent in this place.
 B = Non-inter-level travel time spent in this place.
 C = Inter-level travel time spent in this place.
 D = Time resting spent in this place.
 E = Time spent auto-exploring this place.
 F = Levels seen in this place.
 G = Mean time per level.
                   A        B        C        D        E       F      G
               +--------+--------+--------+--------+--------+-----+--------+
         Total |    697 |    674 |     23 |      0 |    548 |   2 |  348.5 |
       Dungeon |    697 |    674 |     23 |      0 |    548 |   2 |  348.5 |
               +--------+--------+--------+--------+--------+-----+--------+

Top non-repeatable levels by time:
     D:1: 546 daAuts
     D:2: 151 daAuts
